 Dungeon Crawl Stone Soup version 0.32-a0-12-g7fc57aa741 (console) character file.

Game seed: 2726047712816355941

66 petzl the Sneak (level 4, -2/34 (35) HPs)
             Began as a Formicid Delver on Jan 14, 2024.
             Frozen to death by an endoplasm (3 damage)
             ... on level 4 of the Dungeon.
             The game lasted 00:06:27 (1948 turns).

petzl the Sneak (Formicid Delver)                   Turns: 1948, Time: 00:06:29

HP:   -2/34 (35)    AC:  3    Str: 25    XL:     4   Next: 37%
MP:   9/9           EV: 12    Int: 11    God:
Gold: 130           SH:  0    Dex: 20    Spells: 10/10 levels left

rFire   . . .        a - +0 dagger {drain, *Corrode Str+8 Dex+5, !f =f}
rCold   . . .        (no shield)
rNeg    + . .        b - +0 leather armour
rPois   .            (helmet unavailable)
rElec   .            (no cloak)
rCorr   .            (no gloves)
SInv    +            (no boots)
Will    .....        (no amulet)
Stlth   +++          g - ring of positive energy
HPRegen 0.25/turn    (no ring)
MPRegen 0.11/turn

%: corrode self (3%)
@: lightly drained
A: permanent stasis, dig shafts and tunnels, antennae 3, four strong arms
a: Dig, Shaft Self


You were on level 4 of the Dungeon.
You visited 2 branches of the dungeon, and saw 7 of its levels.

You collected 130 gold pieces.

Inventory:

Hand Weapons
 a - the +0 dagger of Summertime (weapon) {drain, *Corrode Str+8 Dex+5, !f =f}
   (You found it on level 2 of the Dungeon)

   Str+8:     It affects your strength (+8).
   Dex+5:     It affects your dexterity (+5).
   *Corrode:  It may corrode you when you take damage.
 p - a +0 mace
Missiles
 o - 6 poisoned darts
Armour
 b - a +0 leather armour (worn)
 n - a +0 kite shield
Jewellery
 g - a ring of positive energy (left hand)
Wands
 f - a wand of digging (3)
Scrolls
 c - a scroll of fog
 d - a scroll of revelation
 e - a scroll of fear
 h - 2 scrolls of immolation
 i - 2 scrolls of identify
 j - a scroll of enchant armour
 m - a scroll of vulnerability
 q - 2 scrolls of noise {unknown}
 r - a scroll of amnesia {unknown}
Potions
 k - a potion of attraction {unknown}
 l - 3 potions of might {unknown}
 s - a potion of curing {unknown}


   Skills:
 - Level 3.2 Fighting
 - Level 2.0 Maces & Flails
 - Level 1.7 Dodging
 - Level 6.0 Stealth
 + Level 3.6 Spellcasting


You had 10 spell levels left.
You didn't know any spells.
Your spell library contained the following spells:

 Spells                   Type           Power      Damage    Failure   Level
 Mercury Vapours          Alch/Air       4%         N/A       41%         2
 Mephitic Cloud           Conj/Alch/Air  2%         N/A       65%         3
 Freezing Cloud           Conj/Ice/Air   1%         6-21      100%        5


Dungeon Overview and Level Annotations

Branches:
Dungeon (6/15)             Temple (1/1) D:6

Altars:
Elyvilon
Gozag
Hepliaklqana
Kikubaaqudgha
Makhleb
Nemelex Xobeh
Okawaru
Qazlal
Sif Muna
Uskayaw
Xom
Zin
The Shining One

Annotations:
D:3 exclusion: downstairs
D:5 exclusions: orc and sensed monster (detected)


Innate Abilities, Weirdness & Mutations

You cannot be hasted, slowed, berserked, paralysed or teleported.
You can dig through walls and to a lower floor.
You have a pair of large antennae on your head. (SInv)
Your four strong arms can wield two-handed weapons with a shield.


Message History

The orc shouts!
You hear a shout! x2
You hear a shout!
There is a stone staircase leading down here.
The gnoll barely misses you.
The gnoll hits you from afar with a +0 halberd.
You can't go up here!
The gnoll barely misses you.
The orc priest mumbles some strange prayers to Beogh against you.
Beogh smites you!
You climb downwards.
There is a stone staircase leading up here.
You closely miss the orc priest.
The orc priest calls down the wrath of Beogh upon you.
Pain shoots through your body!
Okay, then.
The endoplasm quivers.
You hit the orc priest. You drain the orc priest.
The orc priest is heavily wounded.
The orc priest hits you but does no damage.
You hit the orc priest. You drain the orc priest.
The orc priest is severely wounded.
The orc priest misses you.
You barely miss the orc priest.
The orc priest is severely wounded.
The orc priest hits you but does no damage.
Unknown command.
You hit the orc priest.
The orc priest is almost dead.
The orc priest barely misses you.
You closely miss the orc priest.
The orc priest is almost dead.
The orc priest closely misses you.
You hit the orc priest but do no damage.
The orc priest is almost dead.
The orc priest mumbles some strange prayers to Beogh against you.
Beogh smites you!
* * * LOW HITPOINT WARNING * * *
The endoplasm freezes you.
You are frozen.
You die...

# . ##, ##.## ..
.#..## #. ##.....##
.###..#####...#...#
..J......#.........
.#######.J@........
....#...o.......
#............ {
##.#.........
#.##.......#
#.###....... #.#
.#.###. ..# #..# .#
..# ... ... . #
.... .# .# # ... .#
..##### .. #.#
......


You could see an orc priest (very drained) and an endoplasm.

Vanquished Creatures
  3 adders
  A dart slug (D:1)
  4 ball pythons
  An endoplasm (D:1)
  3 giant cockroaches
  2 hobgoblins
  4 jackals
  4 kobolds
  5 bats
  2 frilled lizards (D:3)
  4 goblins
  4 rats
37 creatures vanquished.

Notes
Turn   | Place    | Note
-------+----------+-------------------------------------------
     0 | D:5      | petzl the Formicid Delver began the quest for the Orb.
     0 | D:5      | Reached XP level 1. HP: 18/18 MP: 1/1
    77 | D:6      | Noticed a water moccasin
   135 | D:5      | Noticed an orc wizard
   151 | D:6      | Found a staircase to the Ecumenical Temple.
   160 | Temple   | Entered the Ecumenical Temple
   188 | D:5      | Noticed an orc priest
   198 | D:4      | Noticed a hound
   226 | D:4      | Noticed a phantom
   244 | D:3      | Reached skill level 1 in Spellcasting
   244 | D:3      | Reached XP level 2. HP: 16/24 MP: 2/4
   466 | D:1      | Reached XP level 3. HP: 17/25 MP: 6/6
  1419 | D:2      | Identified the +0 dagger of Summertime {drain, *Corrode
                  | Str+8 Dex+5}
  1625 | D:2      | Reached XP level 4. HP: 26/33 MP: 9/9
  1948 | D:4      | HP: 1/34 [orc priest/divine providence (12)]
  1948 | D:4      | Frozen to death by an endoplasm

Illustrated notes

Levels and vault maps discovered:
D:1:      amcnicky_arrival_blooded_trapdoor, layout_basic
D:2:      layout_basic
D:3:      layout_loops_ring
D:4:      cheibrodos_barr_body, layout_rooms, chei_slow_surprise,
          nicolae_overflow_crystal_walls, gup_sewer_entry_glass,
          minmay_misc_feat_alley, uniq_edmund
D:5:      layout_basic, kennysheep_mini_moat, nicolae_kite_square_tiling_tiny,
          uniq_ijyb, uniq_duvessa
D:6:      layout_gridville, dk_yredelemnul_ordeal,
          chequers_temple_overflow_minitemple, minmay_temple_entry_trees,
          serial_shops, nicolae_shop_tiny_waterfront,
          lightli_ossuary_entry_decrepit_ruins
Temple:   compressed_dpeg_triangle_lava_temple

Skill      XL: |  1  2  3 |
---------------+----------+-----
Spellcasting   | 1 2 3 |  3.6
Fighting       | |  3.2
Maces & Flails | |  2.0
Dodging        | |  1.7
Stealth        | |  6.0

Action                     |  1- 3 |  4- 6 || total
---------------------------+-------+-------++-------
  Melee: Mace              |    85 |       ||    85
         Dagger            |    12 |    17 ||    29
Ability: Dig               |     2 |       ||     2
    Use: Scroll            |     6 |       ||     6
         Potion            |     1 |       ||     1
   Stab: Sleeping          |    10 |     1 ||    11
 Armour: Leather armour    |    59 |     8 ||    67
  Dodge: Dodged            |    91 |     9 ||   100

Table legend: (Time is in decaauts)
 A = Elapsed time spent in this place.
 B = Non-inter-level travel time spent in this place.
 C = Inter-level travel time spent in this place.
 D = Time resting spent in this place.
 E = Time spent auto-exploring this place.
 F = Levels seen in this place.
 G = Mean time per level.
                   A        B        C        D        E       F      G
               +--------+--------+--------+--------+--------+-----+--------+
         Total |   1971 |   1881 |     90 |    146 |   1084 |   7 |  281.6 |
       Dungeon |   1970 |   1880 |     90 |    146 |   1084 |   6 |  328.3 |
        Temple |      1 |      1 |      0 |      0 |      0 |   1 |    1.0 |
               +--------+--------+--------+--------+--------+-----+--------+

Top non-repeatable levels by time:
     D:2: 861 daAuts
     D:1: 679 daAuts
     D:3: 167 daAuts
     D:5: 104 daAuts
     D:6: 84 daAuts
     D:4: 72 daAuts
  Temple: 1 daAuts
